 Dungeon Crawl Stone Soup version 0.28.0-43-g3370ac3207 (webtiles) character file.

Game seed: 7711839654160678117

1218 polpol the Archer (level 8, 0/60 HPs)
             Began as a Human Hunter on Mar 3, 2022.
             Was a Believer of Fedhas.
             Succumbed to a scorpion's poison
             ... on level 6 of the Dungeon on Mar 8, 2022.
             The game lasted 00:30:48 (7447 turns).

polpol the Archer (Human Hunter)                    Turns: 7447, Time: 00:30:49

Health: 0/60       AC:  7    Str: 13    XL:     8   Next: 75%
Magic:  8/8        EV: 12    Int: 12    God:    Fedhas [**....]
Gold:   317        SH:  0    Dex: 15    Spells: 7/7 levels left

rFire   . . .      SeeInvis .   j - +2 mace (holy)
rCold   . . .      Faith    +   (no shield)
rNeg    . . .      Spirit   .   c - +0 leather armour
rPois   .          Reflect  .   k - +0 helmet
rElec   .          Harm     .   s - +1 cloak
rCorr   .          Rampage  .   y - +0 pair of gloves
Will    +....                   (no boots)
Stlth   ++........              u - amulet of faith
HPRegen 0.20/turn               w - ring of willpower
MPRegen 0.11/turn               (no ring)

@: lethally poisoned (0 -> -14)
A: no striking features
a: Renounce Religion, Wall of Briars


You were on level 6 of the Dungeon.
You worshipped Fedhas.
Fedhas was pleased with you.
You visited 1 branch of the dungeon, and saw 6 of its levels.

You collected 317 gold pieces.

Inventory:

Hand Weapons
 a - a +3 shortbow
 b - a +0 short sword
 h - a +1 short sword of venom
 j - a +2 mace of holy wrath (weapon)
 A - a +4 shortbow
Missiles
 d - 49 arrows
 g - 2 throwing nets (quivered)
Armour
 c - a +0 leather armour (worn)
 k - a +0 helmet (worn)
 s - a +1 cloak (worn)
 y - a +0 pair of gloves (worn)
Jewellery
 e - a +6 ring of strength
 u - an amulet of faith (around neck)
 w - a ring of willpower (left hand)
Wands
 o - a wand of flame (41)
 r - a wand of paralysis (8)
Scrolls
 i - 2 scrolls of magic mapping
 l - 3 scrolls of holy word
 m - a scroll of identify
 p - 2 scrolls of brand weapon
 t - 3 scrolls of teleportation
 v - a scroll of blinking {unknown}
 x - 2 scrolls of vulnerability {unknown}
Potions
 f - a potion of curing {unknown}
 n - 2 potions of lignification
 q - 2 potions of cancellation {unknown}


   Skills:
 + Level 4.1 Fighting
 + Level 2.3 Short Blades
 + Level 2.3 Maces & Flails
 + Level 8.4 Bows
 + Level 2.4 Armour
 + Level 2.7 Dodging
 + Level 2.0 Stealth


You had 7 spell levels left.
You didn't know any spells.
Your spell library contained the following spells:

 Spells                   Type           Power      Damage    Failure   Level
 Summon Small Mammal      Summ           0%         N/A       38%         1
 Call Canine Familiar     Summ           0%         N/A       77%         3
 Ignite Poison            Fire/Tmut/Pois 0%         N/A       77%         3
 Mephitic Cloud           Conj/Pois/Air  0%         N/A       77%         3
 Summon Guardian Golem    Hex/Summ       0%         N/A       77%         3
 Freezing Cloud           Conj/Ice/Air   0%         6-21      100%        5
 Conjure Ball Lightning   Conj/Air       0%         3x3d6     100%        6
 Discord                  Hex            0%         N/A       100%        8
 Disjunction              Tloc           0%         N/A       100%        8


Dungeon Overview and Level Annotations

Branches:
Dungeon (6/15)             Temple (0/1) D:6

Altars:
Cheibriados
Fedhas
Sif Muna

Annotations:
D:2 Natasha
D:4 3 runed translucent doors, mandor's ghost, amateur OpTm


Message History

The scorpion barely misses you.
You barely miss the scorpion.
The scorpion is moderately wounded.
You feel sick.
The scorpion stings you but does no damage.
You hit the scorpion.
The scorpion is heavily wounded.
You feel sick. The scorpion stings you! The scorpion stings you.
You are more poisoned.
The scorpion poisons you!
You hit the scorpion.
The scorpion is almost dead.
You feel very sick. The scorpion stings you.
You are more poisoned.
The scorpion poisons you!
You hit the scorpion but do no damage.
The scorpion is almost dead.
You feel very sick. The scorpion stings you! The scorpion closely misses you.
You hit the scorpion.
The scorpion is almost dead.
* * * LOW HITPOINT WARNING * * *
You feel very sick. The scorpion barely misses you.
You feel very sick. The scorpion stings you.
* * * LOW HITPOINT WARNING * * *
You are lethally poisoned!
The scorpion poisons you!
* * * LOW HITPOINT WARNING * * *
You feel very sick.
You closely miss the scorpion.
The scorpion is almost dead.
* * * LOW HITPOINT WARNING * * *
You feel very sick. The scorpion closely misses you.
The scorpion misses you. 2 killer bees come into view.
You die...
Fedhas appreciates your contribution to the ecosystem.

..yy.. .... ....
♣♣ ... .♣ #.. .♣
#.# ## ### #.#
.###.........
#@# ........
.... #.# #
....... .....
#s# .# ......
.....##.##.#
.....#
.........<.#####
###..#
................
###..#
...........#####
(....#
.....##.####
###.## ##### #.#


You could see a scorpion and 2 killer bees.

Vanquished Creatures
  Menkaure (D:6)
  An ice beast (D:5)
  A sky beast (D:4)
  3 necrophages
  2 centaurs (D:5)
  A howler monkey (D:6)
  A jelly (D:5)
  A hound (D:5)
  2 iguanas
  An orc priest (D:5)
  A bullfrog skeleton (D:5)
  Jessica (D:2)
  Natasha (D:2)
  2 orc wizards (D:4)
  Robin (D:3)
  7 adders
  An adder skeleton (D:4)
  5 worms
  3 dart slugs
  10 orcs
  7 endoplasms
  11 goblins
  12 hobgoblins
  11 jackals
  2 quokkas (D:2)
  7 ball pythons
  4 bats
  A frilled lizard (D:1)
  11 kobolds
  5 rats (D:1)
117 creatures vanquished.

Vanquished Creatures (others)
  A fungus (D:6)
1 creature vanquished.

Grand Total: 118 creatures vanquished

Notes
Turn   | Place    | Note
-------+----------+-------------------------------------------
     0 | D:1      | polpol the Human Hunter began the quest for the Orb.
     0 | D:1      | Reached XP level 1. HP: 16/16 MP: 1/1
   196 | D:1      | Reached XP level 2. HP: 22/22 MP: 2/2
   883 | D:1      | Reached XP level 3. HP: 27/27 MP: 3/3
  1775 | D:2      | Reached XP level 4. HP: 28/34 MP: 4/4
  2136 | D:2      | Noticed Jessica
  2154 | D:3      | Noticed Natasha
  2168 | D:2      | Killed Natasha
  2169 | D:2      | Reached skill level 5 in Bows
  2169 | D:2      | Reached skill level 1 in Armour
  2206 | D:2      | Noticed Natasha
  2439 | D:2      | Killed Jessica
  2440 | D:2      | Reached XP level 5. HP: 39/39 MP: 5/5
  2482 | D:3      | Reached skill level 1 in Short Blades
  2516 | D:3      | Noticed Robin
  2707 | D:3      | Killed Robin
  3056 | D:3      | Found a shimmering blue altar of Sif Muna.
  3056 | D:3      | Found a blossoming altar of Fedhas.
  3121 | D:3      | Found a faded altar of an unknown god.
  3799 | D:3      | Became a worshipper of Fedhas Madash
  3959 | D:4      | Noticed a sky beast
  3963 | D:4      | Killed a sky beast
  3964 | D:4      | Reached skill level 6 in Bows
  3964 | D:4      | Reached XP level 6. HP: 46/46 MP: 6/6
  4064 | D:4      | Found a runed translucent gate.
  4064 | D:4      | Noticed mandor's ghost (amateur OpTm)
  4066 | D:4      | Found a runed translucent gate.
  4067 | D:4      | Found a runed translucent gate.
  4340 | D:4      | Reached XP level 7. HP: 48/52 MP: 7/7
  4566 | D:4      | Reached * piety under Fedhas
  5011 | D:5      | Entered Level 5 of the Dungeon
  5063 | D:5      | Reached skill level 7 in Bows
  5447 | D:5      | Found a snail-covered altar of Cheibriados.
  5691 | D:5      | Reached skill level 1 in Maces & Flails
  5691 | D:5      | Reached XP level 8. HP: 40/58 MP: 8/8
  6454 | D:6      | Reached skill level 8 in Bows
  6603 | D:6      | Found a staircase to the Ecumenical Temple.
  6747 | D:6      | Noticed Menkaure
  6779 | D:6      | Killed Menkaure
  6779 | D:6      | Reached ** piety under Fedhas
  7446 | D:6      | HP: 2/60 [poisoned by a scorpion]
  7447 | D:6      | Succumbed to a scorpion's poison

Illustrated notes

Levels and vault maps discovered:
D:1:      dpeg_arrival_tiny_a, layout_basic
D:2:      layout_loops_ring, uniq_jessica
D:3:      layout_loops_ring, jmf_multi_god_temple,
          dilly_ecumenical_altar_fadedgnrine, nicolae_figureground_sparkle,
          uniq_robin, uniq_natasha
D:4:      layout_cave_pods, gammafunk_ghost_nasty_kobolds, grunt_decor_clamped
D:5:      layout_basic, cheibrodos_worm_habitat, hangedman_decor_diamond_cutter,
          kb_lookout_dungeons_type, st_stairs_8, nicolae_elevator_lobby_plus
D:6:      layout_basic, minmay_temple_entry_purple_smoke, uniq_sigmund,
          uniq_crazy_yiuf_cottage, uniq_menkaure

Skill      XL: |  1  2  3  4  5  6  7  8 |
---------------+-------------------------+-----
Bows           | 5 6 7 8 |  8.4
Armour         | 1 2 |  2.4
Short Blades   | 1 2 |  2.3
Fighting       | 3 4 |  4.1
Maces & Flails | 1 2 |  2.3
Stealth        | 2 |  2.0
Dodging        | |  2.7

Action                   |  1- 3 |  4- 6 |  7- 9 || total
-------------------------+-------+-------+-------++-------
Melee: Short sword       |    26 |    55 |    16 ||    97
       Punch             |       |     2 |       ||     2
       Mace              |       |     1 |    28 ||    29
 Fire: Shortbow          |    60 |   108 |   100 ||   268
  Use: Scroll            |       |     7 |     4 ||    11
       Potion            |       |       |     1 ||     1
 Stab: Sleeping          |     1 |       |       ||     1
Armor: Leather armour    |     5 |    25 |    10 ||    40
Dodge: Dodged            |    17 |    48 |    31 ||    96
